 Dungeon Crawl Stone Soup version 0.24-a0-250-g6074511 (webtiles) character file.

Game seed: 3010909319769290764

56 Ijustatesigmund the Skirmisher (level 3, 0/26 HPs)
             Began as an Octopode Fighter on Apr 15, 2019.
             Was an Initiate of Cheibriados.
             Succumbed to an adder's poison
             ... on level 2 of the Dungeon.
             The game lasted 00:02:10 (1321 turns).

Ijustatesigmund the Skirmisher (Octopode Fighter)   Turns: 1321, Time: 00:02:10

Health: 0/26       AC:  1    Str: 16    XL:     3   Next: 97%
Magic:  3/3        EV: 12    Int: 11    God:    Cheibriados [......]
Gold:   50         SH:  9    Dex: 13    Spells: 2/2 levels left

rFire    . . .     SeeInvis .   a - +0 war axe
rCold    . . .     Gourm    +   b - +0 shield
rNeg     . . .     Faith    .   (helmet restricted)
rPois    .         Spirit   .   h - amulet of the gourmand
rElec    .         Reflect  .   (no ring)
rCorr    .         Harm     .   (no ring)
MR       .....                  (no ring)
Stlth    ++........             (no ring)
HPRegen  0.08/turn              (no ring)
MPRegen  0.08/turn              (no ring)
                                (no ring)
                                (no ring)

@: lethally poisoned (0 -> -2), berserk cooldown, flying (expiring), hasted and
slowed, very slow
A: almost no armour, stealthy swim, amphibious, 8 rings, constrict 8, camouflage
1, gelatinous body 1
a: Bend Time, Renounce Religion


You were on level 2 of the Dungeon.
You worshipped Cheibriados.
Cheibriados was noncommittal.
You were not hungry.

You visited 1 branch of the dungeon, and saw 2 of its levels.

You collected 50 gold pieces.

Inventory:

Hand Weapons
 a - a +0 war axe (weapon)
Armour
 b - a +0 shield (worn)
Jewellery
 h - an amulet of the gourmand (around mantle)
Scrolls
 g - a scroll of teleportation
Potions
 c - a potion of might
Comestibles
 d - 5 rations


   Skills:
 + Level 3.5 Fighting
 * Level 3.5 Axes
 - Level 3.0 Dodging
 - Level 3.0 Shields
 + Level 0.6 Invocations


You had 2 spell levels left.
You didn't know any spells.
Your spell library was empty.

Dungeon Overview and Level Annotations

Branches:
Dungeon (2/15)

Altars:
Cheibriados
Hepliaklqana
Makhleb


Innate Abilities, Weirdness & Mutations

You cannot wear most types of armour.
You are very stealthy in the water. (Stealth+)
You are amphibious.
You can wear up to eight rings at the same time.
You can use your tentacles to constrict eight enemies at once.
Your skin changes colour to match your surroundings (Stealth+).
Your rubbery body absorbs attacks. (AC +1, EV +1)


Message History

You feel your anger nearly subside.
You start resting.
You are no longer berserk.
You are exhausted.
You feel yourself slow down.
There is a lethal amount of poison in your body!
There is a lethal amount of poison in your body!
* * * LOW HITPOINT WARNING * * *
You feel sick.
* * * LOW HITPOINT WARNING * * *
You feel sick.
Okay, then.
* * * LOW HITPOINT WARNING * * *
You feel sick.
* * * LOW HITPOINT WARNING * * *
You feel sick.
* * * LOW HITPOINT WARNING * * *
You feel sick.
You are starting to lose your buoyancy.
You die...

.....#
#...#......#.#########.
.....#
#...#.......<......# #.
######
#...#......#######.###.
##.##..................
#.##......#######.####
#.........##.......<.#
#.........##.........#
#.....................
#....@...##..........#
#........##........###
#........##........#
#........##........#
#.####.### ........# #.
#.# ........# # .#
........### .#
........... ###########


There were no monsters in sight!

Vanquished Creatures
  A howler monkey zombie (D:2)
  An adder (D:2)
  A worm (D:2)
  A leopard gecko (D:2)
  A giant cockroach (D:2)
  5 goblins
  4 hobgoblins
  5 jackals
  3 kobolds (D:1)
  A ball python (D:1)
  3 frilled lizards
  4 rats
30 creatures vanquished.

Notes
Turn   | Place    | Note
-------+----------+-------------------------------------------
     0 | D:1      | Ijustatesigmund the Octopode Fighter began the quest for
                  | the Orb.
     0 | D:1      | Reached XP level 1. HP: 16/16 MP: 1/1
   333 | D:1      | Reached XP level 2. HP: 21/21 MP: 2/2
   836 | D:2      | Found a burning altar of Makhleb.
   836 | D:2      | Noticed a blizzard demon
   839 | D:2      | Noticed a smoke demon
   839 | D:2      | Noticed a hellwing
   870 | D:2      | Reached XP level 3. HP: 26/26 MP: 3/3
  1188 | D:2      | Found a snail-covered altar of Cheibriados.
  1189 | D:2      | Found a hazy altar of Hepliaklqana.
  1193 | D:2      | Became a worshipper of Cheibriados the Contemplative
  1317 | D:2      | HP: 1/26 [poisoned by an adder]
  1321 | D:2      | Succumbed to an adder's poison

Levels and vault maps discovered:
D:1:      minmay_arrival_stone_box, layout_loops_corners
D:2:      layout_basic, gammafunk_temple_overflow_statue,
          makhleb_altar_promises_db, first_ration

Skill      XL: |  1  2 |
---------------+-------+-----
Axes           | 3 |  3.5
Fighting       | |  3.5
Dodging        | |  3.0
Shields        | |  3.0
Invocations    | |  0.6

Action                   || total
-------------------------++-------
Melee: War axe           ||    54
       Constrict         ||    14
       Tentacles         ||     5
  Use: Potion            ||     3
       Scroll            ||     2
 Stab: Sleeping          ||     5
  Eat: Chunk             ||     3
Armor: Skin              ||     4
Dodge: Dodged            ||    34
Block: Shield            ||    20

Table legend:
 A = Non-vault XP
 B = Vault XP
 C = Vault XP percentage of total XP
 D = Non-vault monster count
 E = Vault monster count
 F = Vault count percentage of total count
                 A         B        C        D         E       F
            +---------+---------+-------+---------+---------+-------
      Total |      81 |       0 |   0.0 |      30 |       0 |   0.0
            +---------+---------+-------+---------+---------+-------
        D:1 |      26 |       0 |   0.0 |      16 |       0 |   0.0
        D:2 |      55 |       0 |   0.0 |      14 |       0 |   0.0
            +---------+---------+-------+---------+---------+-------
